 Dungeon Crawl Stone Soup version 0.22-a0-247-gbddf880 (webtiles) character file.

37 Gorglomux the Chopper (level 3, 0/31 HPs)
             Began as a Minotaur Warper on Feb 26, 2018.
             Slain by a kobold (2 damage)
             ... on level 1 of the Dungeon.
             The game lasted 00:01:27 (973 turns).

Gorglomux the Chopper (Minotaur Warper)              Turns: 973, Time: 00:01:27

Health: 0/31       AC:  4    Str: 16    XL:     3   Next: 21%
Magic:  4/4        EV: 12    Int: 10    God:
Gold:   65         SH:  0    Dex:  9    Spells: 4/4 levels left

rFire    . . .     SeeInvis .   a - +0 hand axe
rCold    . . .     Gourm    .   (no shield)
rNeg     . . .     Faith    .   b - +0 leather armour
rPois    .         Spirit   .   (helmet restricted)
rElec    .         Reflect  .   J - +0 cloak
rCorr    .         Harm     .   (no gloves)
MR       .....                  (no boots)
Stlth    +.........             (no amulet)
HPRegen  0.10/turn              (no ring)
MPRegen  0.09/turn              (no ring)

@: no status effects
A: retaliatory headbutt, horns 2
a: no special abilities


You were on level 1 of the Dungeon.
You were not hungry.

You visited 1 branch of the dungeon, and saw 2 of its levels.

You collected 65 gold pieces.

Inventory:

Hand Weapons
 a - a +0 hand axe (weapon)
Missiles
 e - 3 tomahawks of dispersal (quivered)
Armour
 b - a +0 leather armour (worn)
 J - a +0 cloak (worn)
Jewellery
 E - an uncursed amulet of faith {unknown}
Scrolls
 B - a scroll of blinking
 F - 5 scrolls of identify {unknown}
Potions
 D - 2 potions of curing {unknown}
 G - a potion of haste {unknown}
 H - a potion of lignification {unknown}
 I - a potion of resistance {unknown}
Comestibles
 c - 5 rations
 K - 3 chunks of flesh


   Skills:
 + Level 3.6 Fighting
 + Level 3.6 Axes
 - Level 1.0 Throwing
 - Level 1.2 Armour
 - Level 2.1 Dodging
 - Level 1.3 Spellcasting
   Level 2.1 Translocations


You had 4 spell levels left.
You didn't know any spells.

Dungeon Overview and Level Annotations

Branches:
Dungeon (2/15)

Altars:
Wu Jian


Innate Abilities, Weirdness & Mutations

You reflexively headbutt those who attack you in melee.
You have a pair of horns on your head.


Message History

There is a stone staircase leading butt here!
There is an open door here!
Drop what? 13/52 slots (_ for help) (? for menu, Esc to quit)
Drop what? 13/52 slots (_ for help) (? for menu, Esc to quit)
Okay, then!
Unknown command!
Throwing (i - inventory)
e - 5 tomahawks of dispersal (quivered)
Press: ? - help, Butt-Dir - straight line, f - kobold
Aim: a kobold You throw a tomahawk of dispersal!
The tomahawk of butt hits the kobold but does no damage!
The kobold hits you! * * * don't die
* * * Throwing (i - inventory)
e - 4 tomahawks of dispersal (quivered)
Press: ? - help, Shift-Dir - straight line, f/p - kobold
Aim: a kobold You throw a tomahawk of dispersal!
The tomahawk of dispersal barely misses the butt!
The kobold hits you! rip

####### #........##....#
##########........##.)..#
..................##....#
..###########..#####....#
#.##...#...###.# #....#
#....#...#...#.## #....######
######♣♣####.#..####.........####
♣#.## #♣....K..+...>........#
####♣.♣.##♣≈≈##)@###.........##.#
♣...........♣###.###.........##+#
#...........# #..##..(..........
#..###'###..♣ ##.##.............
#..#.....#..#♣ #.##.............
...#...<.#...#♣ #..#.............
#..#...P.#..♣.♣ ##)####+#####....
...#.....#...♣≈###.## #.# #)...
♣..#.....#..#♣#.....# #.#####....


You could see a kobold.

Vanquished Creatures
  An adder (D:2)
  A dart slug (D:1)
  A leopard gecko (D:1)
  3 ball pythons
  A giant cockroach (D:1)
  4 goblins (D:1)
  4 hobgoblins
  3 kobolds (D:1)
  A bat (D:1)
  5 rats
24 creatures vanquished.

Notes
Turn   | Place    | Note
-------+----------+-------------------------------------------
     0 | D:1      | Gorglomux the Minotaur Warper began the quest for the Orb.
     0 | D:1      | Reached XP level 1. HP: 18/18 MP: 1/1
   147 | D:1      | Reached skill level 3 in Fighting
   147 | D:1      | Reached skill level 3 in Axes
   147 | D:1      | Reached XP level 2. HP: 20/26 MP: 3/3
   879 | D:2      | Found an ornate altar of the Wu Jian Council.
   920 | D:2      | Reached XP level 3. HP: 12/31 MP: 4/4
   973 | D:1      | Slain by a kobold

Vault maps used:
D:1:      saegor_arrival_under_anarchy, minmay_misc_feat_four_crosses
D:2:      nicolae_ru_great_annihilating_truth, zin_scriptorium,
          lemuel_round_altar, lemuel_doored_altar, uniq_robin

Skill      XL: |  1 |
---------------+----+-----
Fighting       | 3 |  3.6
Axes           | 3 |  3.6
Throwing       | |  1.0
Armour         | |  1.2
Dodging        | |  2.1
Spellcasting   | |  1.3
Translocations | |  2.1

Action                   || total
-------------------------++-------
Melee: Hand axe          ||    47
       Headbutt          ||     5
Throw: Tomahawk          ||     2
Armor: Leather armour    ||     7
Dodge: Dodged            ||    33

Table legend:
 A = Spawn XP
 B = Non-spawn XP
 C = Spawn XP percentage of total XP
 D = Spawn monster count
 E = Non-spawn monster count
 F = Spawn count percentage of total count
 G = Total turns spent on level
                    A         B        C        D         E        F      G
               +---------+---------+-------+---------+---------+-------+---------
         Total |       0 |      53 |   0.0 |       0 |      24 |   0.0 |   973
               +---------+---------+-------+---------+---------+-------+---------
           D:1 |       0 |      34 |   0.0 |       0 |      19 |   0.0 |   880
           D:2 |       0 |      19 |   0.0 |       0 |       5 |   0.0 |    93
               +---------+---------+-------+---------+---------+-------+---------
